 Dungeon Crawl Stone Soup version 0.27.0-1-g7a089689b8 (webtiles) character file.

Game seed: 12391767257421231444

58 hawla the Grave Robber (level 3, -2/20 HPs)
             Began as a Deep Elf Necromancer on Aug 8, 2021.
             Slain by a gnoll (7 damage)
             ... on level 2 of the Dungeon.
             The game lasted 00:04:07 (1950 turns).

hawla the Grave Robber (Deep Elf Necromancer)       Turns: 1950, Time: 00:04:08

Health: -2/20      AC:  2    Str:  3 (5)  XL:     3   Next: 75%
Magic:  1/10       EV: 13    Int: 18 (20) God:
Gold:   45         SH:  0    Dex: 14 (15) Spells: 5/9 levels left

rFire    . . .     SeeInvis .   d - +0 short sword
rCold    . . .     Faith    .   (no shield)
rNeg     . . .     Spirit   .   a - +0 robe
rPois    .         Reflect  .   (no helmet)
rElec    .         Harm     .   (no cloak)
rCorr    .         Rampage  .   (no gloves)
Will     .....                  (no boots)
Stlth    ++........             (no amulet)
HPRegen  0.06/turn              (no ring)
MPRegen  0.12/turn              (no ring)

@: no status effects
A: no striking features
a: no special abilities


You were on level 2 of the Dungeon.
You visited 1 branch of the dungeon, and saw 2 of its levels.

You collected 45 gold pieces.

Inventory:

Hand Weapons
 d - a +0 short sword (weapon)
Armour
 a - a +0 robe (worn)


   Skills:
 + Level 1.4 Fighting
 - Level 3.0 Dodging
 - Level 3.0 Stealth
 + Level 3.6 Spellcasting
 + Level 5.2 Necromancy


You had 5 spell levels left.
You knew the following spells:

 Your Spells              Type           Power      Damage    Failure   Level
a - Pain                  Necr           88%        1d8       1%          1
b - Vampiric Draining     Necr           11%        2d7       5%          3

Your spell library contained the following spells:

 Spells                   Type           Power      Damage    Failure   Level
 Animate Skeleton         Necr           44%        N/A       1%          1
 Animate Dead             Necr           11%        N/A       17%         4
 Agony                    Necr           22%        N/A       43%         5


Dungeon Overview and Level Annotations

Branches:
Dungeon (2/15)

Altars:
Xom

Shops:
D:1 =

Annotations:
D:2 Robin


Message History

The spell is quite dangerous to cast (5% risk of failure)!
Continue anyway?
Aiming: Vampiric Draining (quite dangerous; 5% risk of failure)
Press: ? - help, Shift-Dir - straight line, f/p - gnoll
Aim: a gnoll, wielding a +0 whip (moderately wounded)
You draw life force from the gnoll.
You feel life coursing into your body. The gnoll barely misses you.
Casting: Vampiric Draining (quite dangerous; 5% risk of failure)
Confirm with . or Enter, or press ? or * to list all spells.
The spell is quite dangerous to cast (5% risk of failure)!
Continue anyway?
Aiming: Vampiric Draining (quite dangerous; 5% risk of failure)
Press: ? - help, Shift-Dir - straight line, f/p - gnoll
Aim: a gnoll, wielding a +0 whip (heavily wounded)
You miscast Vampiric Draining.
You are very lightly contaminated with residual magic.
Nothing appears to happen.
The gnoll barely misses you. The gnoll hits you with a +0 whip!
Casting: Vampiric Draining (quite dangerous; 5% risk of failure)
Confirm with . or Enter, or press ? or * to list all spells.
The spell is quite dangerous to cast (5% risk of failure)!
Continue anyway?
Aiming: Vampiric Draining (quite dangerous; 5% risk of failure)
Press: ? - help, Shift-Dir - straight line, f/p - gnoll
Aim: a gnoll, wielding a +0 whip (heavily wounded)
You draw life force from the gnoll!
You kill the gnoll!
You feel life coursing into your body. The gnoll hits you with a +0 club.
Training target 3.0 for Dodging reached!
Your Dodging skill increases to level 3!
As you read the scroll labelled WIFFEA QIZIGA, it crumbles to dust.
It is a scroll of identify.
You don't have any unidentified items.
The gnoll hits you with a +0 club.
You completely miss the gnoll. The gnoll hits you with a +0 club.
* * * LOW HITPOINT WARNING * * *
A bat comes into view.
Your magical contamination has completely faded away.
You closely miss the bat. The bat hits you.
* * * LOW HITPOINT WARNING * * *
The bat misses you. x2; The gnoll hits you but does no damage.
The gnoll hits you with a +0 club!
You die...

#. ### ####.# #.. ....[#
## ###.# ##..### #.
...####.....######..
#.###.....#....g@b......
#.....g.........######..
#..##.....#.....#
#..##..####.....#
#......)...)..###
##.##########.# #.# #.#
#.# #+# #.#


You could see a gnoll and a bat.

Vanquished Creatures
  2 gnolls (D:2)
  2 endoplasms
  5 giant cockroaches
  3 goblins
  5 hobgoblins
  2 jackals (D:1)
  A quokka (D:2)
  4 ball pythons
  3 bats
  2 frilled lizards (D:1)
  A kobold (D:2)
  3 rats
33 creatures vanquished.

Notes
Turn   | Place    | Note
-------+----------+-------------------------------------------
     0 | D:1      | hawla the Deep Elf Necromancer began the quest for the Orb.
     0 | D:1      | Reached XP level 1. HP: 10/10 MP: 6/6
   136 | D:1      | Reached skill level 5 in Necromancy
   393 | D:1      | Reached skill level 1 in Fighting
   471 | D:1      | Reached XP level 2. HP: 14/16 MP: 6/8
   881 | D:1      | Found Gianyrez's Jewellery Boutique.
  1209 | D:2      | Found a shimmering altar of Xom.
  1341 | D:2      | Reached XP level 3. HP: 15/20 MP: 4/9
  1629 | D:2      | Noticed Robin
  1649 | D:1      | Learned a level 3 spell: Vampiric Draining
  1950 | D:2      | Slain by a gnoll

Illustrated notes

Levels and vault maps discovered:
D:1:      scummos_arrival_hexagon, layout_rooms, serial_shops,
          nicolae_shop_stone, minmay_tromino_v2
D:2:      layout_loops_corners, basic_altar, uniq_robin

Skill      XL: |  1  2  3 |
---------------+----------+-----
Necromancy     | 5 |  5.2
Fighting       | 1 |  1.4
Stealth        | 3 |  3.0
Dodging        | 3 |  3.0
Spellcasting   | |  3.6

Action                   || total
-------------------------++-------
Melee: Unarmed           ||     1
       Short sword       ||     6
 Cast: Pain              ||    49
       Vampiric Draining ||     2
  Use: Potion            ||     2
       Scroll            ||     1
Armor: Robe              ||     6
Dodge: Dodged            ||    17
